 Dungeon Crawl Stone Soup version 0.26-a0-651-gb41185065b (webtiles) character file.

Game seed: 15185879778602645830

99 Irenicus the Chopper (level 4, -1/40 HPs)
             Began as a Deep Dwarf Berserker on Oct 1, 2020.
             Was a Follower of Trog.
             Slain by a hippogriff (3 damage)
             ... on level 4 of the Dungeon.
             The game lasted 00:06:11 (1064 turns).

Irenicus the Chopper (Deep Dwarf Berserker)         Turns: 1064, Time: 00:06:12

Health: -1/40      AC:  8    Str: 20    XL:     4   Next: 45%
Magic:  4/4        EV: 15    Int:  8    God:    Trog [*.....]
Gold:   71         SH:  0    Dex: 13    Spells: 3/3 levels left

rFire    . . .     SeeInvis .   a - +0 hand axe
rCold    . . .     Faith    .   (no shield)
rNeg     . . .     Spirit   .   e - +0 ring mail
rPois    .         Reflect  .   i - +1 hat
rElec    .         Harm     .   l - +0 cloak
rCorr    +         Rampage  .   b - +0 pair of gloves
MR       .....                  (no boots)
Stlth    +.........             (no amulet)
HPRegen  0.00/turn              h - ring of resist corrosion
MPRegen  0.09/turn              j - +4 ring of evasion

@: berserk cooldown, very slightly contaminated, non-regenerating, slowed,
invisible, very slow
A: damage resistance, heal wounds, sense surroundings 1, no regeneration
a: Heal Wounds, Berserk, Renounce Religion


You were on level 4 of the Dungeon.
You worshipped Trog.
Trog was aware of your devotion.
You visited 1 branch of the dungeon, and saw 4 of its levels.

You collected 71 gold pieces.

Inventory:

Hand Weapons
 a - a +0 hand axe (weapon)
Armour
 b - a +0 pair of gloves (worn)
   (You found it on level 1 of the Dungeon)
 e - a +0 ring mail (worn)
   (You found it on level 1 of the Dungeon)
 f - a cursed +0 leather armour
   (You found it on level 1 of the Dungeon)
 i - a +1 hat (worn)
   (You found it on level 1 of the Dungeon)
 l - a +0 cloak (worn)
   (You found it on level 1 of the Dungeon)
Jewellery
 h - a ring of resist corrosion (left hand)
   (You found it on level 1 of the Dungeon)
 j - a +4 ring of evasion (right hand)
   (You found it on level 1 of the Dungeon)
 r - a cursed amulet of inaccuracy {unknown}
   (You found it on level 3 of the Dungeon)
Scrolls
 d - a scroll of remove curse {unknown}
 g - 3 scrolls of identify {unknown}
 n - a scroll of fog {unknown}
 o - a scroll of blinking {unknown}
Potions
 k - a potion of flight {unknown}
 m - a potion of degeneration {unknown}
 p - a potion of heal wounds {unknown}
 q - a potion of stabbing {unknown}
 s - a potion of might {unknown}


   Skills:
 - Level 2.6 Fighting
 + Level 5.8 Axes
 - Level 2.1 Armour
 - Level 2.1 Dodging


You had 3 spell levels left.
You didn't know any spells.
Your spell library was empty.

Dungeon Overview and Level Annotations

Branches:
Dungeon (3/15)

Altars:
Okawaru
Qazlal


Innate Abilities, Weirdness & Mutations

You are resistant to damage.
You can heal yourself by infusing magical energy.
You passively map a small area around you.
You do not regenerate.


Message History

The gnoll hits you with a +0 spear.
You take 1 damage, and have 45/60 hp.
You hit the gnoll.
The gnoll is heavily wounded.
You slash the hippogriff! The hippogriff bites you.
The hippogriff pecks you but does no damage.
The hippogriff claws you. The gnoll closely misses you.
You take 4 damage, and have 41/60 hp.
You slash the hippogriff!
The hippogriff is moderately wounded.
You barely miss the gnoll. The hippogriff bites you.
The hippogriff barely misses you. The hippogriff claws you.
The gnoll hits you with a +0 spear.
You take 5 damage, and have 36/60 hp.
You closely miss the hippogriff.
The hippogriff is moderately wounded.
You closely miss the gnoll. You barely miss the hippogriff.
The hippogriff is moderately wounded.
You hit the gnoll.
You kill the gnoll!
Trog accepts your kill.
The hippogriff barely misses you. x2; The hippogriff closely misses you.
You closely miss the hippogriff.
The hippogriff is moderately wounded.
The hippogriff bites you. The hippogriff pecks you. The hippogriff claws you.
You take 6 damage, and have 30/60 hp.
You barely miss the hippogriff.
The hippogriff is moderately wounded.
You are no longer berserk.
You are exhausted.
You feel yourself slow down.
You now have 20/40 hp.
You hit the hippogriff.
The hippogriff is heavily wounded.
The hippogriff closely misses you. The hippogriff pecks you.
The hippogriff claws you but does no damage.
The hippogriff bites you but does no damage.
The hippogriff completely misses you. The hippogriff barely misses you.
You barely miss the hippogriff.
The hippogriff is heavily wounded.
The hippogriff bites you but does no damage.
The hippogriff barely misses you. The hippogriff claws you.
You take 1 damage, and have 19/40 hp.
You hit the hippogriff but do no damage.
The hippogriff is heavily wounded.
The hippogriff misses you. The hippogriff pecks you. The hippogriff misses you.
The hippogriff bites you. The hippogriff closely misses you.
The hippogriff claws you.
You slash the hippogriff!
The hippogriff is heavily wounded.
The hippogriff bites you but does no damage.
The hippogriff closely misses you. The hippogriff barely misses you.
The hippogriff closely misses you. The hippogriff barely misses you.
The hippogriff claws you!
You take 6 damage, and have 13/40 hp.
You barely miss the hippogriff.
The hippogriff is heavily wounded.
The hippogriff completely misses you. The hippogriff barely misses you.
The hippogriff closely misses you.
Your ring mail prevents you from hitting the hippogriff.
The hippogriff is heavily wounded.
The hippogriff completely misses you.
The hippogriff pecks you but does no damage.
The hippogriff completely misses you. The hippogriff closely misses you.
The hippogriff pecks you.
* * * LOW HITPOINT WARNING * * *
The hippogriff closely misses you.
You take 3 damage, and have 10/40 hp.
You hit the hippogriff.
The hippogriff is heavily wounded.
The hippogriff completely misses you. The hippogriff barely misses you.
The hippogriff claws you but does no damage.
Okay, then.
You hit the hippogriff.
The hippogriff is severely wounded.
The hippogriff bites you. The hippogriff barely misses you.
The hippogriff claws you but does no damage.
The hippogriff barely misses you. The hippogriff pecks you.
The hippogriff claws you but does no damage.
You hit the hippogriff but do no damage.
The hippogriff is severely wounded.
The hippogriff bites you!
* * * LOW HITPOINT WARNING * * *
The hippogriff misses you.
The hippogriff claws you but does no damage.
The hippogriff closely misses you. The hippogriff pecks you.
The hippogriff closely misses you.
You take 6 damage, and have 4/40 hp.
It was a potion of invisibility.
You fade into invisibility!
The hippogriff misses you. The hippogriff barely misses you.
The hippogriff closely misses you.
You are very lightly contaminated with residual magic.
You hit the hippogriff.
The hippogriff is severely wounded.
The hippogriff bites you.
* * * LOW HITPOINT WARNING * * *
The hippogriff closely misses you. The hippogriff claws you.
You die...

,, . ####### ...####
#.....#
....?.)####.....#########
......wH@.'.............. ,
,,.......####.....#######..
....?.. #.....# #... , ,,
....... #.....# #.##
###....* #.....# #... , ,
?....#* #.....# #..# ,
,...... ####### #... * ,
......* ##.# , , #.#


You could see a hippogriff and a worm.

Vanquished Creatures
  A gnoll shaman (D:4)
  3 gnolls (D:4)
  An adder (D:2)
  2 giant cockroaches (D:1)
  6 goblins
  6 hobgoblins
  A quokka (D:2)
  6 bats
  2 frilled lizards (D:1)
  A kobold (D:1)
  6 rats
35 creatures vanquished.

Notes
Turn   | Place    | Note
-------+----------+-------------------------------------------
     0 | D:1      | Irenicus the Deep Dwarf Berserker began the quest for the
                  | Orb.
     0 | D:1      | Reached XP level 1. HP: 20/20 MP: 1/1
   142 | D:1      | Reached XP level 2. HP: 25/27 MP: 2/2
   145 | D:1      | Reached skill level 4 in Axes
   410 | D:2      | Found a stormy altar of Qazlal.
   456 | D:2      | Reached XP level 3. HP: 33/33 MP: 3/3
   842 | D:2      | Reached ** piety under Trog
   941 | D:3      | You fall into a shaft and drop 1 floor!
   981 | D:4      | Found an iron altar of Okawaru.
  1038 | D:4      | Reached skill level 5 in Axes
  1038 | D:4      | Reached XP level 4. HP: 40/40 MP: 4/4
  1040 | D:4      | Noticed a hippogriff
  1059 | D:4      | HP: 10/40 [hippogriff (3)]
  1062 | D:4      | HP: 4/40 [hippogriff (6)]
  1064 | D:4      | Slain by a hippogriff

Illustrated notes

Levels and vault maps discovered:
D:1:      evilmike_arrival_rings, layout_rooms
D:2:      layout_loops_corners, grunt_qazlal_clouds
D:3:      minmay_general_purpose_star, layout_basic, elyvilon_altar_3,
          lemuel_zombie_altar_kikubaaqudgha
D:4:      layout_basic, fedhas_bush_and_centaur_altar, okawaru_metal_pillars_1_2

Skill      XL: |  1  2  3 |
---------------+----------+-----
Axes           | 4 5 |  5.8
Fighting       | |  2.6
Armour         | |  2.1
Dodging        | |  2.1

Action                   |  1- 3 |  4- 6 || total
-------------------------+-------+-------++-------
Melee: Hand axe          |    94 |    23 ||   117
Invok: Berserk           |     2 |       ||     2
       Trog's Hand       |     1 |       ||     1
  Use: Potion            |       |     1 ||     1
Armor: Ring mail         |    18 |    12 ||    30
       Animal skin       |     2 |       ||     2
Dodge: Dodged            |    63 |    38 ||   101

Table legend: (Time is in decaauts)
 A = Elapsed time spent in this place.
 B = Non-inter-level travel time spent in this place.
 C = Inter-level travel time spent in this place.
 D = Time resting spent in this place.
 E = Time spent auto-exploring this place.
 F = Levels seen in this place.
 G = Mean time per level.
                   A        B        C        D        E       F      G
               +--------+--------+--------+--------+--------+-----+--------+
         Total |   1077 |   1077 |      0 |      0 |      0 |   4 |  269.2 |
       Dungeon |   1077 |   1077 |      0 |      0 |      0 |   4 |  269.2 |
               +--------+--------+--------+--------+--------+-----+--------+

Top non-repeatable levels by time:
     D:2: 554 daAuts
     D:1: 371 daAuts
     D:4: 122 daAuts
     D:3: 29 daAuts

Table legend:
 A = Kills in this place as a percentage of kills in entire the game.
 B = Kills by you in this place as a percentage of kills by you in the entire game.
 C = Kills by friends in this place as a percentage of kills by friends in the entire game.
 D = Other kills in this place as a percentage of other kills in the entire game.
 E = Experience gained in this place as a percentage of experience gained in the entire game.
 F = Experience gained in this place divided by the number of levels of this place that you have seen.
                   A       B       C       D       E      F
               +-------+-------+-------+-------+-------+----------------------
         Total | 100.0 | 100.0 |   N/A |   N/A | 100.0 |  35.5
       Dungeon | 100.0 | 100.0 |   N/A |   N/A | 100.0 |  35.5
               +-------+-------+-------+-------+-------+----------------------
